 Dungeon Crawl Stone Soup version 0.29-a0-350-g7790a0e70a (webtiles) character file.

Game seed: 5219602368529617

39 Hubjo the Firebug (level 3, -3/18 HPs)
             Began as a Deep Elf Fire Elementalist on Apr 22, 2022.
             Slain by a hobgoblin (4 damage)
             ... on level 1 of the Dungeon.
             The game lasted 00:02:07 (1543 turns).

Hubjo the Firebug (Deep Elf Fire Elementalist)      Turns: 1543, Time: 00:02:08

Health: -3/18      AC:  2    Str:  5    XL:     3   Next: 26%
Magic:  1/9        EV: 13    Int: 19    God:
Gold:   31         SH:  0    Dex: 17    Spells: 8/9 levels left

rFire   + . .      SeeInvis .   f - +0 dagger
rCold   . . .      Faith    .   (no shield)
rNeg    . . .      Spirit   .   a - +0 robe
rPois   .          Reflect  .   (no helmet)
rElec   .          Harm     .   (no cloak)
rCorr   .          Rampage  .   (no gloves)
Will    .....                   (no boots)
Stlth   ++........              (no amulet)
HPRegen 0.06/turn               (no ring)
MPRegen 0.11/turn               (no ring)

@: no status effects
A: fire resistance 1, frail 1, low MP 1
a: no special abilities


You were on level 1 of the Dungeon.
You visited 1 branch of the dungeon, and saw 2 of its levels.

You collected 31 gold pieces.

Inventory:

Hand Weapons
 f - a +0 dagger (weapon)
Armour
 a - a +0 robe (worn)
Scrolls
 c - a scroll of magic mapping
 d - a scroll of fear {unknown}
 e - a scroll of vulnerability {unknown}
 g - a scroll of identify
Potions
 b - a potion of magic


   Skills:
 * Level 1.2 Fighting
 - Level 2.5 Dodging
 + Level 3.0 Stealth
 + Level 3.5 Spellcasting
 - Level 1.2 Conjurations
 + Level 3.6 Fire Magic


You had 8 spell levels left.
You knew the following spells:

 Your Spells              Type           Power      Damage    Failure   Level
a - Foxfire               Conj/Fire      48%        2x1d6     5%          1

Your spell library contained the following spells:

 Spells                   Type           Power      Damage    Failure   Level
 Scorch                   Fire           34%        2d7       4%          2
 Conjure Flame            Conj/Fire      12%        6-21      16%         3
 Inner Flame              Hex/Fire       10%        N/A       21%         3
 Flame Wave               Conj/Fire      12%        2d6       47%         4


Dungeon Overview and Level Annotations

Branches:
Dungeon (2/15)

Altars:


Innate Abilities, Weirdness & Mutations

Your flesh is heat resistant. (rF+)
You are frail. (-10% HP)
Your magical capacity is low. (-10% MP)


Message History

You are poisoned.
The adder poisons you! The hobgoblin barely misses you.
You completely miss the adder.
The adder is severely wounded.
You feel sick. The adder bites you but does no damage.
The hobgoblin completely misses you.
You feel sick. The adder barely misses you. The hobgoblin closely misses you.
You climb upwards.
You feel sick.
There is a stone staircase leading down here.
Unknown command.
As you read the scroll labelled VAOPO ZADOUGROR, it crumbles to dust.
It is a scroll of identify.
c - a scroll of magic mapping You feel sick.
You are no longer poisoned.
The adder closely misses you. x2; The hobgoblin barely misses you.
You hit the adder.
The adder is almost dead.
The adder barely misses you.
The hobgoblin hits you but does no damage.
You hit the adder but do no damage.
The adder is almost dead.
The adder bites you. The hobgoblin hits you.
* * * LOW HITPOINT WARNING * * *
You hit the adder.
You kill the adder!
The hobgoblin completely misses you.
Your Stealth skill increases to level 3!
You are too injured to fight recklessly!
Casting: Foxfire (safe; 5% risk of failure)
Confirm with . or Enter, or press ? or * to list all spells.
You conjure some foxfire!
The hobgoblin barely misses you.
Your foxfire dissipates!
The hobgoblin attacks as you move away! The hobgoblin hits you.
* * * LOW HITPOINT WARNING * * *
You see here an adder corpse.
It was a potion of mutation.
You feel extremely strange.
You feel less energetic.
You feel frail.
You feel resistant to heat. The hobgoblin hits you.
You die...

####...............#
#..##.⌠....⌠....⌠.##
#.#.##...........###
#.#.###.(⌠...⌠..## #
#.#.# ##.......### #
#.#.# ##..<..##.# #
#.#.# ##.>.###.# #
#.#g# ##### #.#
#.#@# #.# #.#
#.#.#######.# #.#
#.#.........# #.#
#.#########.# #.#
#...........####.#
###########......#
#.###### #.########
#.........


You could see a hobgoblin.

Vanquished Creatures
  An adder (D:1)
  A dart slug (D:1)
  4 ball pythons
  A bat (D:1)
  4 endoplasms
  A goblin (D:1)
  2 hobgoblins
  4 jackals
  A frilled lizard (D:2)
  3 kobolds (D:1)
  2 rats (D:1)
24 creatures vanquished.

Vanquished Creatures (collateral kills)
  A foxfire (D:1)
1 creature vanquished.

Vanquished Creatures (others)
  96 foxfires
96 creatures vanquished.

Grand Total: 121 creatures vanquished

Notes
Turn   | Place    | Note
-------+----------+-------------------------------------------
     0 | D:1      | Hubjo the Deep Elf Fire Elementalist began the quest for
                  | the Orb.
     0 | D:1      | Reached XP level 1. HP: 10/10 MP: 6/6
   293 | D:1      | Found a faded altar of an unknown god.
   338 | D:1      | Reached XP level 2. HP: 6/16 MP: 1/8
  1128 | D:1      | Reached skill level 1 in Fighting
  1527 | D:2      | Reached XP level 3. HP: 20/20 MP: 0/9
  1542 | D:1      | HP: 1/20 [hobgoblin (5)]
  1543 | D:1      | Gained mutation: Your magical capacity is low. (-10% MP)
                  | [potion of mutation]
  1543 | D:1      | Gained mutation: You are frail. (-10% HP) [potion of
                  | mutation]
  1543 | D:1      | Gained mutation: Your flesh is heat resistant. (rF+)
                  | [potion of mutation]
  1543 | D:1      | Slain by a hobgoblin

Illustrated notes

Levels and vault maps discovered:
D:1:      dpeg_arrival_lava_temple_mockup, layout_loops_ring,
          hellmonk_ecumenical_altar_zigzags, minivault_27
D:2:      layout_rooms, uniq_natasha

Skill      XL: |  1  2  3 |
---------------+----------+-----
Fighting       | 1 |  1.2
Stealth        | 3 |  3.0
Dodging        | |  2.5
Spellcasting   | |  3.5
Conjurations   | |  1.2
Fire Magic     | |  3.6

Action                   || total
-------------------------++-------
Melee: Unarmed           ||     2
       Dagger            ||    11
 Cast: Foxfire           ||    67
  Use: Scroll            ||     1
       Potion            ||     1
Armor: Robe              ||     4
Dodge: Dodged            ||    25

Table legend: (Time is in decaauts)
 A = Elapsed time spent in this place.
 B = Non-inter-level travel time spent in this place.
 C = Inter-level travel time spent in this place.
 D = Time resting spent in this place.
 E = Time spent auto-exploring this place.
 F = Levels seen in this place.
 G = Mean time per level.
                   A        B        C        D        E       F      G
               +--------+--------+--------+--------+--------+-----+--------+
         Total |   1542 |   1531 |     11 |      0 |   1371 |   2 |  771.0 |
       Dungeon |   1542 |   1531 |     11 |      0 |   1371 |   2 |  771.0 |
               +--------+--------+--------+--------+--------+-----+--------+

Top non-repeatable levels by time:
     D:1: 1485 daAuts
     D:2: 57 daAuts
